cohdb
Replays
Latest Replays
All Replays
Popular Replays
Top Player Replays
Match Explorer
How It Works
Community
CoH3 Stats
Reddit
Sign in to upload your games and track your stats! →
Sign in with Steam
Match 45451926
Unlisted
Match 45451926
Overview
Messages
Build Orders
End
Selects Airborne Battlegroup
Selects Heavy Machine Gun Paradrop
Heavy Machine Gun Paradrop
Engineer Squad
Construct Barracks
Riflemen Squad
Heavy Machine Gun Paradrop
Construct Medical Station
M1 Mortar Team
Riflemen Squad
Grenade Package
Heavy Machine Gun Paradrop
M1 Mortar Team
Construct Weapon Support Center
Bazooka Squad
Improved M9 Bazooka Rockets
Bazooka Squad
Selects Recon Loiter
Selects Supply Drop
Mechanized Support Center
Riflemen Squad
M1918 Browning Automatic Rifles
Selects Carpet Bombing Run
Carpet Bombing Run
Recon Loiter
Assassins_Dagger
Ggumisin
zoops loops poops
CreamSlave
Trash Panda Flex
[HOOR]toes.R.us
0
0
Comments
sign in to comment!
No comments posted yet!